 Dungeon Crawl Stone Soup version 0.24.0-123-gd5b16e6ec5 (webtiles) character file.

Game seed: 3753305673370944399, levelgen mode: deterministic

80901 Chiseanne the Peltast (level 15, -7/115 HPs)
             Began as a Demonspawn Wanderer on Jan 18, 2020.
             Was the Champion of Vehumet.
             Killed from afar by a molten gargoyle (32 damage)
             ... with a bolt of magma
             ... on level 14 of the Dungeon on Jan 19, 2020.
             The game lasted 02:06:55 (33845 turns).

Chiseanne the Peltast (Demonspawn Wanderer)        Turns: 33845, Time: 02:06:55

Health: -7/115     AC: 13    Str: 16    XL:     15   Next: 25%
Magic:  0/37       EV: 15    Int: 20    God:    Vehumet [******]
Gold:   583        SH: 14    Dex: 12    Spells: 4/33 levels left

rFire    . . .     SeeInvis .   a - +4 scimitar (flame)
rCold    . . .     Gourm    .   b - +1 shield
rNeg     . . .     Faith    +   D - +0 leather armour {rPois}
rPois    +         Spirit   +   (helmet unavailable)
rElec    .         Reflect  .   G - +0 cloak {+Inv}
rCorr    .         Harm     .   q - +1 pair of gloves {Str+3}
MR       +....                  i - +2 pair of boots
Stlth    ++........             l - amulet of faith
HPRegen  0.29/turn              c - +1 ring of slaying
MPRegen  0.25/turn              k - ring of magical power

@: slowed, very slow
A: horns 3, iridescent scales 2, powered by death 2, magic shield
a: Renounce Religion, Evoke Invisibility


You were on level 14 of the Dungeon.
You worshipped Vehumet.
Vehumet was exalted by your worship.
You were not hungry.

You visited 4 branches of the dungeon, and saw 23 of its levels.

You collected 2379 gold pieces.
You spent 1796 gold pieces at shops.

Inventory:

Hand Weapons
 a - a +4 scimitar of flaming (weapon)
 s - a +2 dagger of venom
Armour
 b - a +1 shield (worn)
 i - a +2 pair of boots (worn)
 n - a +2 robe of positive energy
 p - a +0 large shield
 q - a +1 pair of gloves of strength (worn)
 C - a +2 robe of cold resistance
 D - a +0 leather armour of poison resistance (worn)
 G - a +0 cloak of invisibility (worn)
 K - the +1 ring mail of Ixtase {rF+ Dex+4}
   (You bought it in a shop on level 2 of the Orcish Mines)

   It affects your dexterity (+4).
   It protects you from fire.
 O - a +0 troll leather armour
Magical Staves
 E - an uncursed staff of earth
 F - an uncursed staff of summoning
Jewellery
 c - a +1 ring of slaying (left hand)
 k - a ring of magical power (right hand)
 l - an amulet of faith (around neck)
 A - a +2 amulet of reflection
 L - an uncursed ring of resist corrosion
 P - an uncursed ring of ice {unknown}
 T - an uncursed ring of see invisible
 W - an uncursed ring of poison resistance
Wands
 d - a wand of flame (37)
 e - a wand of scattershot (2)
 j - a wand of acid (11)
 N - a wand of digging (4)
Scrolls
 r - a scroll of amnesia
 B - 13 scrolls of teleportation
 R - 3 scrolls of remove curse
 S - 3 scrolls of magic mapping
 Z - 9 scrolls of identify
Potions
 u - a potion of resistance
 v - 4 potions of haste
 w - a potion of brilliance
 x - a potion of heal wounds
 y - 4 potions of magic
 z - 2 potions of agility
 H - 2 potions of mutation
 I - 7 potions of curing
 J - 6 potions of ambrosia
 Q - 3 potions of cancellation
 U - 4 potions of flight
 X - a potion of might
Miscellaneous
 h - a box of beasts
Comestibles
 f - 23 rations
 g - 6 chunks of flesh


   Skills:
 - Level 10.0 Fighting
 - Level 1.0(1.1) Short Blades
 - Level 1.0(1.1) Long Blades
 - Level 6.8 Dodging
 - Level 2.6 Stealth
 - Level 15.0 Shields
 - Level 9.7 Spellcasting
 * Level 10.0 Conjurations
 * Level 7.0 Summonings
 - Level 8.1 Ice Magic
 - Level 2.4 Poison Magic


You had 4 spell levels left.
You knew the following spells:

 Your Spells              Type           Power        Failure   Level  Hunger
a - Throw Icicle          Conj/Ice       #####...     1%          4    ##.....
b - Mephitic Cloud        Conj/Pois/Air  ####....     1%          3    None
c - Olgreb's Toxic Radia  Pois           ###.....     9%          4    ##.....
d - Freezing Cloud        Conj/Ice/Air   ####......   28%         6    ######.
e - Bolt of Magma         Conj/Fire/Erth ###.......   16%         5    #####..
f - Spellforged Servitor  Conj/Summ      #####.....   47%         7    #######

Your spell library contained the following spells:

 Spells                   Type           Power        Failure   Level  Hunger
 Bolt of Cold             Conj/Ice       #####.....   9%          6    ######.
 Sting                    Conj/Pois      ####         1%          1    None
 Summon Butterflies       Summ           #####...     1%          1    None
 Conjure Flame            Conj/Fire      ####....     1%          3    None
 Static Discharge         Conj/Air       ####....     1%          3    None
 Sandblast                Erth           #.....       2%          1    None
 Recall                   Summ/Tloc      N/A          6%          3    None
 Apportation              Tloc           #.....       9%          1    None
 Beastly Appendage        Tmut           #.....       9%          1    None
 Poisonous Vapours        Pois/Air       ##....       9%          2    None
 Passwall                 Tmut/Erth      #.......     13%         2    None
 Sticks to Snakes         Tmut           #.......     13%         2    None
 Spider Form              Tmut/Pois      ##........   16%         3    None
 Ice Form                 Ice/Tmut       ####....     17%         4    ##.....
 Lesser Beckoning         Tloc           #.........   26%         3    None
 Tukima's Dance           Hex            #.......     26%         3    None
 Venom Bolt               Conj/Pois      ####......   5%          5    #####..
 Irradiate                Conj/Tmut      ####......   9%          5    #####..
 Lightning Bolt           Conj/Air       ####......   9%          5    #####..
 Ozocubu's Refrigeration  Ice            #####.....   13%         6    ######.
 Aura of Abjuration       Summ           #####.....   14%         5    #####..
 Summon Demon             Summ           #####.....   14%         5    #####..
 Summon Forest            Summ/Tloc      ###.......   50%         5    #####..
 Summon Mana Viper        Hex/Summ       ###.....     50%         5    #####..
 Shadow Creatures         Summ           N/A          58%         6    ######.
 Alistair's Intoxication  Tmut/Pois      ##......     83%         5    #####..
 Blade Hands              Tmut           #.........   94%         5    #####..
 Hydra Form               Tmut           #.........   100%        6    ######.
 Invisibility             Hex            #.......     100%        6    ######.
 Statue Form              Tmut/Erth      #........    100%        6    ######.
 Dragon Form              Tmut           #.........   100%        7    #######
 Ring of Flames           Chrm/Fire      #.........   100%        7    #######
 Ignition                 Fire           #.........   100%        8    #######
 Shatter                  Erth           #.........   100%        9    #######
 Tornado                  Air            #.........   100%        9    #######


Dungeon Overview and Level Annotations

Branches:
Dungeon (14/15)            Temple (1/1) D:7            Lair (6/6) D:10
 Shoals (0/4) Lair:4        Snake (0/4) Lair:4        Slime (0/5) Lair:5
    Orc (2/2) D:10            Elf (0/3) Orc:2        Vaults (0/5) D:13

Altars:
Ashenzari
Cheibriados
Dithmenos
Elyvilon
Fedhas
Gozag
Hepliaklqana
Kikubaaqudgha
Makhleb
Nemelex Xobeh
Okawaru
Qazlal
Ru
Sif Muna
Trog
Uskayaw
Vehumet
Wu Jian
Xom
Yredelemnul
Zin
The Shining One
Beogh

Shops:
D:14 [   Orc:2 }*![

Annotations:
D:5 2 runed translucent doors, Alannah's ghost, amateur HOFi
Lair:3 1 runed translucent door, exclusion: oklob plant, NeAGen181's ghost, journeyman DDNe
Lair:6 2 runed translucent doors


Innate Abilities, Weirdness & Mutations

You have a pair of large horns on your head.
You are mostly covered in iridescent scales. (AC +4)
You regenerate health from kills.
When hurt, damage is shared between your health and your magic reserves.


Message History

Aiming: Scattershot
Press: ? - help, Shift-Dir - straight line, f/p - molten gargoyle
Aim: a molten gargoyle, wielding a +0 flail (almost destroyed)
The burst of metal fragments hits the molten gargoyle but does no damage. x4
The molten gargoyle is almost destroyed.
The molten gargoyle blasts magma at you!
The bolt of magma hits you!!
* * * LOW HITPOINT WARNING * * *
Evoke which item? (* to show all) (? for menu, Esc to quit)
Aiming: Scattershot
Press: ? - help, Shift-Dir - straight line, f/p - molten gargoyle
Aim: a molten gargoyle, wielding a +0 flail (almost destroyed)
The burst of metal fragments hits the molten gargoyle.
The burst of metal fragments hits the molten gargoyle but does no damage. x2
The burst of metal fragments hits the yak!
The yak is heavily wounded.
The molten gargoyle is almost destroyed.
The molten gargoyle blasts magma at you!
The bolt of magma hits you!!
You die...

######## #...@9Y#
#.####'#### #.#≈≈≈§≈≈≈#
#.#≈≈≈9≈≈≈#
###.#≈≈Y≈.§≈#
#...#≈.≈≈≈.§# #########
#...#≈§?≈.§≈###.......#
#...#§≈≈.§≈§#.'.......#
#...#§≈≈≈≈§≈###.......#


You could see a yak and a molten gargoyle.

Vanquished Creatures
  Gastronok (D:9)
  Frances (D:11)
  Kirke (D:12)
  An orc warlord (Orc:1)
  Azrael (D:11)
  An ettin (Orc:2)
  Snorg (Lair:4)
  Josephine (D:10)
  Erolcha (D:9)
  Fannar (Lair:1)
  4 vault guards (D:13)
  3 hydras
  A centaur warrior (D:14)
  An alligator (Lair:6)
  3 two-headed ogres
  6 orc high priests
  3 unseen horrors
  A deep elf archer (Orc:1)
  A lindwurm (Lair:6)
  3 orc knights (Orc:1)
  2 deep elf magi
  10 orc sorcerers
  An oklob plant (D:13)
  An ugly thing (D:12)
  8 cyclopes
  2 manticores
  5 black mambas
  Maurice (D:12)
  Joseph (D:7)
  3 molten gargoyles (Lair:6)
  2 gargoyles
  A torpor snail (Lair:6)
  10 spiny frogs
  2 rime drakes (D:14)
  6 komodo dragons
  An efreet (D:13)
  A polar bear (Lair:4)
  11 trolls
  A wolf spider simulacrum (D:14)
  A wind drake (D:9)
  4 hornets
  A slime creature (Lair:5)
  4 dream sheep (Lair:6)
  5 blink frogs (Lair:2)
  7 hippogriffs
  Sigmund (D:3)
  3 shadows
  5 wraiths
  12 basilisks
  A human (D:12)
  Grum (D:11)
  4 wyverns
  2 fire elementals (D:12)
  3 fire bats (Lair:3)
  34 yaks
  A hungry ghost (D:11)
  12 vampire mosquitoes
  An insubstantial wisp (Lair:2)
  3 steam dragons (Lair:6)
  4 nagas (Lair:4)
  2 soldier ants
  An acid dragon (D:10)
  12 wargs
  7 hell hounds
  11 water moccasins
  4 porcupines
  2 ice beasts
  A black bear (D:13)
  35 orc warriors
  7 sky beasts
  13 ogres
  A phantom (D:7)
  4 eyes of draining
  22 wolves
  8 crocodiles
  10 centaurs
  6 big kobolds
  20 bullfrogs
  4 gnoll sergeants
  2 wyvern skeletons (D:13)
  3 scorpions
  7 killer bees
  An oklob sapling (D:13)
  4 wights (D:13)
  3 electric eels
  3 vampire bats (Lair:6)
  4 howler monkeys
  8 crimson imps
  2 centaur zombies
  A bullfrog zombie (D:12)
  A wyvern simulacrum (D:14)
  3 jellies
  5 lava snakes (Lair:6)
  2 quasits
  6 hounds
  23 orc priests
  A bullfrog skeleton (D:6)
  34 orc wizards
  6 centaur skeletons
  7 worker ants
  7 iguanas
  A killer bee zombie (D:8)
  A hound zombie (D:7)
  A hound skeleton (D:8)
  A howler monkey zombie (D:10)
  2 howler monkey skeletons
  A worker ant zombie (D:7)
  14 gnolls
  15 adders
  7 shadow imps
  3 adder skeletons
  5 worms
  A dart slug (D:5)
  6 leopard geckos
  97 orcs
  7 ball pythons (D:13)
  6 giant cockroaches
  8 goblins
  10 hobgoblins
  8 jackals
  9 kobolds
  11 quokkas
  14 bats
  3 frilled lizards
  A leopard gecko skeleton (D:4)
  8 rats
  3 plants
760 creatures vanquished.

Vanquished Creatures (collateral kills)
  A hydra (D:10)
  Urug (Lair:4)
  A slime creature (Lair:4)
  A wolf (Lair:6)
  A hound (D:9)
  A jackal (D:13)
6 creatures vanquished.

Vanquished Creatures (others)
  A gargoyle (D:7)
  An acid dragon (D:13)
  A hell hound (Lair:6)
  2 humans
  A worker ant (D:12)
  An orc wizard (D:4)
  5 fungi
  5 plants
17 creatures vanquished.

Grand Total: 783 creatures vanquished

Notes
Turn   | Place    | Note
-------+----------+-------------------------------------------
     0 | D:1      | Chiseanne the Demonspawn Wanderer began the quest for the
                  | Orb.
     0 | D:1      | Chiseanne set off with the following items: a +0 falchion,
                  | a +0 shield, a +0 short sword, a +0 robe, a +0 dagger, a
                  | ration
     0 | D:1      | Reached XP level 1. HP: 16/16 MP: 1/1
   424 | D:1      | Reached skill level 2 in Shields
   431 | D:1      | Gained mutation: When hurt, damage is shared between your
                  | health and your magic reserves. [demonic ancestry]
   431 | D:1      | Reached XP level 2. HP: 15/22 MP: 2/2
  1641 | D:1      | Gained mutation: You have a pair of small horns on your
                  | head. [demonic ancestry]
  1641 | D:1      | Reached XP level 3. HP: 27/28 MP: 3/3
  1791 | D:2      | Found Zin's Purification Station.
  1796 | D:2      | Found a glowing silver altar of Zin.
  1905 | D:2      | Reached skill level 1 in Spellcasting
  2078 | D:2      | Found a sacrificial altar of Ru.
  2151 | D:3      | Noticed Sigmund
  2162 | D:3      | Killed Sigmund
  2162 | D:3      | Reached skill level 3 in Shields
  2162 | D:3      | Reached XP level 4. HP: 29/35 MP: 3/7
  2162 | D:3      | Gained mutation: You regenerate a little health from kills.
                  | [demonic ancestry]
  2162 | D:3      | Reached XP level 5. HP: 34/41 MP: 3/8
  2231 | D:3      | Found an iron altar of Okawaru.
  2656 | D:3      | Gained mutation: You are partially covered in iridescent
                  | scales. (AC +2) [demonic ancestry]
  2656 | D:3      | Reached XP level 6. HP: 38/47 MP: 7/9
  2728 | D:3      | Found a shadowy altar of Dithmenos.
  3789 | D:4      | Found a sparkling altar of Nemelex Xobeh.
  3873 | D:4      | Found a bloodstained altar of Trog.
  4491 | D:4      | Found a blossoming altar of Fedhas.
  4544 | D:5      | Entered Level 5 of the Dungeon
  4579 | D:4      | Reached XP level 7. HP: 51/54 MP: 11/11
  4616 | D:5      | Found a sparkling altar of Nemelex Xobeh.
  4642 | D:5      | Found a runed translucent door.
  4653 | D:5      | Reached skill level 4 in Shields
  4662 | D:5      | Noticed Alannah's ghost (amateur HOFi)
  4684 | D:5      | Found an ornate altar of the Wu Jian Council.
  4753 | D:5      | Found a shattered altar of Ashenzari.
  5079 | D:5      | Found a runed translucent door.
  5310 | D:6      | Reached skill level 5 in Fighting
  5316 | D:6      | Gained mutation: You have a pair of horns on your head.
                  | [demonic ancestry]
  5316 | D:6      | Reached XP level 8. HP: 62/62 MP: 13/13
  5462 | D:6      | Noticed a troll
  5476 | D:6      | Noticed a black mamba
  5476 | D:6      | a troll changed into a black mamba
  5505 | D:6      | Killed a black mamba
  5505 | D:6      | Reached skill level 5 in Shields
  5534 | D:6      | HP: 3/64 [poisoned by a worker ant]
  5542 | D:6      | HP: 3/64 [poisoned by a worker ant]
  6047 | D:6      | Reached skill level 5 in Dodging
  6410 | D:7      | Found a staircase to the Ecumenical Temple.
  6431 | D:6      | Reached skill level 5 in Spellcasting
  6482 | D:7      | Gained mutation: You regenerate health from kills. [demonic
                  | ancestry]
  6482 | D:7      | Reached XP level 9. HP: 36/69 MP: 13/16
  6575 | D:8      | Reached skill level 6 in Shields
  6933 | D:8      | Found a stormy altar of Qazlal.
  6939 | D:8      | Identified Hyschyli's Disquisition on Snow and Moulding
  6947 | D:8      | Learned a level 4 spell: Throw Icicle
  7252 | D:7      | Noticed a gargoyle
  7260 | D:7      | Noticed Joseph
  7324 | D:7      | Killed a gargoyle
  7324 | D:7      | Reached XP level 10. HP: 33/79 MP: 9/19
  7977 | D:8      | Reached skill level 7 in Shields
  8193 | Temple   | Entered the Ecumenical Temple
  8236 | Temple   | Became a worshipper of Vehumet
  8290 | D:7      | Killed Joseph
  8860 | D:7      | Noticed an orc warlord
  8993 | D:9      | Noticed a deep elf mage
  8997 | D:9      | a deep elf mage changed into a wind drake
  9014 | D:9      | Reached skill level 1 in Conjurations
  9014 | D:9      | Reached skill level 1 in Ice Magic
  9024 | D:9      | Learned a level 3 spell: Mephitic Cloud
  9207 | D:9      | Found a blossoming altar of Fedhas.
  9314 | D:9      | Noticed Gastronok
  9343 | D:9      | Killed Gastronok
  9642 | D:9      | Noticed Erolcha
  9935 | D:9      | Reached * piety under Vehumet
  9935 | D:9      | Offered knowledge of Sandblast by Vehumet.
 10334 | D:9      | Killed Erolcha
 10334 | D:9      | Gained mutation: You have a pair of large horns on your
                  | head. [demonic ancestry]
 10334 | D:9      | Reached XP level 11. HP: 7/87 MP: 4/22
 10632 | D:10     | Entered Level 10 of the Dungeon
 11014 | D:9      | Reached skill level 8 in Shields
 11451 | D:10     | Found a staircase to the Orcish Mines.
 11851 | D:9      | Reached ** piety under Vehumet
 11851 | D:9      | Offered knowledge of Throw Frost by Vehumet.
 12115 | D:10     | Offered knowledge of Stone Arrow by Vehumet.
 12127 | D:10     | Found an ancient bone altar of Kikubaaqudgha.
 12128 | D:10     | Found an ancient bone altar of Kikubaaqudgha.
 12319 | D:10     | Paralysed by a hornet for 2 turns
 12325 | D:10     | Reached skill level 9 in Shields
 12684 | D:10     | Reached *** piety under Vehumet
 12792 | D:10     | Found a staircase to the Lair.
 12893 | D:10     | Offered knowledge of Static Discharge by Vehumet.
 12946 | D:10     | Killed an unseen horror
 13237 | D:11     | Noticed an eight-headed hydra
 13241 | D:10     | Killed an eight-headed hydra
 13241 | D:10     | Reached skill level 10 in Shields
 13967 | D:11     | Noticed a two-headed ogre
 14034 | D:12     | Noticed Frances
 14389 | Orc:1    | Entered Level 1 of the Orcish Mines
 14394 | Orc:1    | Found a dark tunnel.
 14504 | Orc:1    | Noticed Josephine
 14609 | Orc:1    | Noticed an orc sorcerer
 14618 | D:10     | Reached XP level 12. HP: 63/95 MP: 23/24
 14887 | Orc:1    | Noticed an orc high priest
 15041 | D:10     | Killed Josephine
 15041 | D:10     | Reached skill level 11 in Shields
 15050 | D:10     | Reached **** piety under Vehumet
 15281 | D:10     | Killed an orc high priest
 15817 | Orc:1    | Noticed an orc high priest
 15844 | D:10     | Killed an orc high priest
 15972 | Orc:1    | Offered knowledge of Inner Flame by Vehumet.
 16023 | Orc:1    | Noticed an orc high priest
 16043 | Orc:1    | Killed an orc high priest
 16043 | Orc:1    | Reached skill level 12 in Shields
 16078 | Orc:1    | Noticed an orc warlord
 16117 | Orc:1    | Killed an orc warlord
 16279 | Orc:1    | Paralysed by an orc sorcerer for 3 turns
 16312 | Orc:1    | Reached skill level 13 in Shields
 16751 | Orc:2    | Entered Level 2 of the Orcish Mines
 16996 | Orc:1    | Reached ***** piety under Vehumet
 17324 | Orc:2    | Offered knowledge of Fulminant Prism by Vehumet.
 17540 | Orc:2    | Found a roughly hewn altar of Beogh.
 17708 | Orc:2    | Noticed an ettin
 17740 | Orc:2    | Killed an ettin
 18150 | Orc:2    | Reached XP level 13. HP: 100/101 MP: 25/25
 18460 | Orc:2    | Found Oritwuag's Antique Armour Shop.
 18536 | Orc:1    | Reached skill level 14 in Shields
 19141 | Orc:2    | Found a staircase to the Elven Halls.
 19296 | Orc:2    | Offered knowledge of Olgreb's Toxic Radiance by Vehumet.
 19306 | Orc:2    | Learned a level 4 spell: Olgreb's Toxic Radiance
 19358 | Orc:2    | Paralysed by an orc sorcerer for 4 turns
 20609 | Orc:2    | Found Sozutay's Gadget Shop.
 20624 | Orc:2    | Found Nuanec Qipa's Distillery.
 20624 | Orc:2    | Found Xupy's Assorted Antiques.
 20635 | Orc:2    | Bought a potion of agility for 40 gold pieces
 20635 | Orc:2    | Bought a potion of mutation for 80 gold pieces
 20635 | Orc:2    | Bought a potion of curing for 30 gold pieces
 20635 | Orc:2    | Bought a potion of ambrosia for 80 gold pieces
 20635 | Orc:2    | Bought 2 potions of agility for 80 gold pieces
 20651 | Orc:2    | Bought a steaming ring mail for 252 gold pieces
 20653 | Orc:2    | Bought a scroll of blinking for 210 gold pieces
 20663 | Orc:2    | Bought a pair of gloves for 103 gold pieces
 21148 | D:11     | Noticed Grum
 21189 | D:11     | Killed Grum
 21189 | D:11     | Reached skill level 15 in Shields
 21703 | D:11     | Killed Frances
 21703 | D:11     | Reached skill level 10 in Fighting
 22259 | D:2      | Bought 2 potions of curing for 180 gold pieces
 22597 | D:12     | Identified the +1 ring mail of Ixtase {rF+ Dex+4} (You
                  | bought it in a shop on level 2 of the Orcish Mines)
 22829 | D:12     | Noticed Kirke
 22839 | D:12     | Killed Kirke
 22839 | D:12     | Reached skill level 5 in Conjurations
 22981 | D:12     | Found a snail-covered altar of Cheibriados.
 23154 | D:12     | Found a glowing golden altar of the Shining One.
 23164 | D:12     | Reached skill level 5 in Ice Magic
 23305 | D:12     | Noticed Azrael
 23386 | Lair:1   | Entered Level 1 of the Lair of Beasts
 23470 | Lair:1   | Learned a level 6 spell: Freezing Cloud
 23677 | Lair:1   | Offered knowledge of Irradiate by Vehumet.
 23681 | Lair:1   | Noticed Fannar
 23714 | Lair:1   | Killed Fannar
 25013 | Lair:2   | Gained mutation: You are mostly covered in iridescent
                  | scales. (AC +4) [demonic ancestry]
 25013 | Lair:2   | Reached XP level 14. HP: 68/110 MP: 26/27
 25993 | Lair:3   | Found a runed translucent door.
 25993 | Lair:3   | Noticed NeAGen181's ghost (journeyman DDNe)
 26079 | Lair:3   | Reached skill level 1 in Poison Magic
 26465 | Lair:3   | Found a burning altar of Makhleb.
 26691 | Lair:4   | Noticed Snorg
 26714 | Lair:4   | Killed Snorg
 26724 | Lair:4   | Identified a scroll of acquirement
 26724 | Lair:4   | Identified Sif Muna's Papyrus of Virous Stones (You
                  | acquired it on level 4 of the Lair of Beasts)
 26885 | Lair:4   | Learned a level 5 spell: Bolt of Magma
 26890 | Lair:4   | Found a staircase to the Shoals.
 27024 | Lair:4   | Found a staircase to the Snake Pit.
 27049 | Lair:4   | Offered knowledge of Spellforged Servitor by Vehumet.
 27065 | Lair:4   | Learned a level 7 spell: Spellforged Servitor
 27185 | Lair:6   | Entered Level 6 of the Lair of Beasts
 27515 | Lair:4   | Reached skill level 1 in Summonings
 27803 | Lair:6   | Noticed Urug
 27807 | Lair:5   | Found a staircase to the Slime Pits.
 28046 | Lair:4   | Killed Urug
 29530 | Lair:6   | Found a large runed translucent door.
 29530 | Lair:6   | Found a large runed translucent door.
 30276 | D:12     | Found a radiant altar of Vehumet.
 30622 | D:11     | Killed Azrael
 30907 | D:12     | Offered knowledge of Iron Shot by Vehumet.
 31272 | D:13     | Noticed Maurice
 31286 | D:12     | Killed Maurice
 31359 | D:13     | Reached ****** piety under Vehumet
 31773 | D:13     | Reached skill level 5 in Summonings
 32112 | D:13     | Found a gate to the Vaults.
 32122 | D:13     | Reached XP level 15. HP: 113/115 MP: 28/28
 32123 | D:13     | Offered knowledge of Bolt of Cold by Vehumet.
 33093 | D:14     | Found a shattered altar of Ashenzari.
 33157 | D:14     | Found Zier's Antique Armour Shop.
 33161 | D:14     | Bought a pair of embroidered gloves for 247 gold pieces
 33161 | D:14     | Bought a glowing shield for 247 gold pieces
 33161 | D:14     | Bought a glowing cloak for 247 gold pieces
 33743 | D:14     | Reached skill level 10 in Conjurations
 33845 | D:14     | Killed from afar by a molten gargoyle

Levels and vault maps discovered:
D:1:      dpeg_arrival_rooms_a, layout_basic, supply_closet_lemuel
D:2:      layout_rooms, zin_purify, nicolae_ru_path_of_blood, first_ration
D:3:      layout_basic, grunt_dithmenos_smoke_and_mirrors, okawaru_gym_becter,
          minmay_hedge_maze, uniq_sigmund
D:4:      minmay_general_purpose_star, layout_basic, overflow_temple_1_default,
          lightli_temple_of_fire, lemuel_round_altar
D:5:      layout_cave_pools, overflow_temple_1_default,
          overflow_temple_1_default, ebering_ghost_sewer_f,
          nemelex_xobeh_ov_fountains_minmay
D:6:      layout_loops_cross
D:7:      lemuel_castle_with_subvaults [lemuel_castle_interior_carwin_2],
          layout_rooms, minmay_temple_entry_proselytizer, uniq_joseph
D:8:      layout_loops_ring, lemuel_coloured_pillars_altar, enter_bailey_8
D:9:      layout_long_grid, basic_altar, uniq_erolcha, uniq_gastronok
D:10:     layout_basic, erik_lair_orcish_takeover,
          kennysheep_orc_monster_closet_entryway, basic_altar,
          hangedman_pestilent_swarm, tgw_kikubaaqudgha
D:11:     layout_irregular_city, uniq_grum
D:12:     layout_loops_corners, basic_altar, hangedman_feature_mirror,
          kennysheep_generic_room_8, uniq_frances, uniq_kirke, uniq_azrael
D:13:     layout_rooms, lightli_vaults_fourway_checkpoint, serial_curves,
          eino_curves_01, eino_curves_04, eino_curves_01, roderic_lattice_a,
          minivault_5, introduction_to_nature_1, uniq_maurice
D:14:     layout_roguey [special_room_orc], portal_ice_cave_rime, serial_shops,
          kennysheep_mini, evilmike_ruin_ashenzari,
          chequers_serial_rivers_marsh, chequers_hall_statues_y,
          hangedman_abyss_or_decor_passed, kennysheep_generic_room_9
Temple:   minmay_temple_bridge_abc
Lair:1:   layout_regular_city, chequers_serial_rivers_micro_a,
          serial_bayou_shore_a, uniq_fannar
Lair:2:   layout_loops_ring, pond
Lair:3:   layout_gridlike, gammafunk_ghost_grave, lemuel_oklob_altar
Lair:4:   layout_regular_city, shoals_dummy_entry, guppyfry_snake_entry_island,
          kennysheep_snail_temple, uniq_snorg
Lair:5:   layout_gridlike, minmay_slime_entry_pillars
Lair:6:   cheibrodos_lair_end_hotspot, layout_regular_city, roderic_batcave,
          uniq_urug
Orc:1:    layout_caves, nicolae_volcano_entry_hallway, elf_legates,
          uniq_josephine
Orc:2:    st_orc_elflike, layout_caves, basic_altar, mines5_lemuel

Skill      XL: |  1  2  3  4  5  6  7  8  9 10 11 12 13 14 15 |
---------------+----------------------------------------------+-----
Shields        | 2 3 4 5 6 7 10 13 15 | 15.0
Spellcasting   | 2 3 5 6 7 8 9 |  9.7
Fighting       | 3 4 5 6 7 8 9 10 | 10.0
Dodging        | 2 3 4 5 6 |  6.8
Conjurations   | 3 4 6 9 10 | 10.0
Ice Magic      | 3 4 5 8 |  8.1
Poison Magic   | 2 |  2.4
Summonings     | 5 7 |  7.0
Short Blades   | |  1.0
Long Blades    | |  1.0
Stealth        | |  2.6

Action                   |  1- 3 |  4- 6 |  7- 9 | 10-12 | 13-15 || total
-------------------------+-------+-------+-------+-------+-------++-------
Melee: Falchion          |    60 |       |       |       |       ||    60
       Spear             |    74 |   156 |   482 |   726 |   322 ||  1760
       Headbutt          |     6 |    16 |    70 |   185 |   364 ||   641
       Short sword       |       |       |       |   122 |    38 ||   160
       Dagger            |       |       |       |   340 |   617 ||   957
       Scimitar          |       |       |       |       |   591 ||   591
Throw: Stone             |     1 |       |       |       |       ||     1
       Dart              |       |       |     5 |    22 |       ||    27
       Javelin           |       |       |     5 |    45 |    13 ||    63
 Cast: Mephitic Cloud    |       |       |       |    47 |   153 ||   200
       Throw Icicle      |       |       |       |       |   103 ||   103
       Olgreb's Toxic Ra |       |       |       |       |     5 ||     5
Evoke: Wand              |       |       |     3 |    54 |    40 ||    97
       Phantom mirror    |       |       |       |     1 |       ||     1
       Box of beasts     |       |       |       |       |    12 ||    12
  Use: Scroll            |     3 |     5 |     5 |     9 |    18 ||    40
       Potion            |     1 |       |     5 |     7 |     6 ||    19
 Stab: Sleeping          |     2 |     2 |     5 |     2 |     6 ||    17
       Invisible         |       |       |       |     3 |       ||     3
       Confused          |       |       |       |    20 |    66 ||    86
       Paralysed         |       |       |       |     3 |     7 ||    10
       Distracted        |       |       |       |       |     2 ||     2
  Eat: Chunk             |     4 |     8 |     9 |    24 |    29 ||    74
       Ration            |       |       |       |     4 |    10 ||    14
Armor: Leather armour    |    43 |    45 |   151 |    91 |   282 ||   612
       Skin              |       |       |    16 |       |       ||    16
       Chain mail        |       |       |       |   299 |       ||   299
       Robe              |       |       |       |     2 |       ||     2
       Ring mail         |       |       |       |       |    28 ||    28
Dodge: Dodged            |    49 |    61 |   283 |   412 |   774 ||  1579
Block: Shield            |    50 |    79 |   291 |   702 |  1156 ||  2278
       Rpst.: Falchion   |     8 |       |       |       |       ||     8
       Scimitar          |       |       |       |       |    96 ||    96
